Map: Abandoned Camp

Players

Kryptonyk

  • Race: Protoss Protoss
  • League: Diamond
  • Spawn Location: 7:00

GKannEx

  • Race: Terran Terran
  • Spawn Location: 9:00

BioHazard

  • Race: Zerg Zerg
  • League: Platinum
  • Spawn Location: 11:00

Navi - Winner!

  • Race: Zerg Zerg
  • League: Gold
  • Spawn Location: 5:00

CaptTroy - Winner!

  • Race: Protoss Protoss
  • Spawn Location: 3:00

Markac - Winner!

  • Race: Terran Terran
  • Spawn Location: 3:00

VOD

Have the link to the VOD?

Description

Time

  • Played on: Dec. 5, 2017, 11:06 a.m.
  • Length: 19:54
Show
View Real Time Build Order
Export as new Build Order

Kryptonyk Protoss 

Build Orders:  

Get SALT Encoding   

  12  0:01  Probe  
  13  0:13  Probe  
  14  0:19  Pylon  
  14  0:26  Probe  
  15  0:45  Forge  
  15  0:48  Probe  
  16  0:59  Pylon  
  16  1:04  Probe  
  17  1:16  Probe  
  18  1:23  Photon Cannon  
  18  1:26  Photon Cannon  
  18  1:35  Gateway  
  18  1:37  Probe (Chrono Boost)  
  20  1:49  Probe (Chrono Boost)  
  20  1:50  Assimilator  
  20  1:52  Probe (Chrono Boost)  
  21  2:15  Photon Cannon  
  21  2:27  Pylon  
  21  2:36  Cybernetics Core  
  20  2:45  Zealot  
  20  2:49  Pylon  
  22  2:52  Probe, Assimilator  
  23  3:04  Probe  
  24  3:15  Warp Gate (Chrono Boost)  
  24  3:16  Probe  
  24  3:19  Twilight Council  
  25  3:22  Gateway  
  25  3:24  Gateway  
  25  3:26  Gateway  
  25  3:34  Probe, Photon Cannon  
  26  3:41  Zealot  
  26  3:48  Charge (Chrono Boost)  
  28  4:14  Zealot  
  30  4:28  Pylon  
  30  4:33  Pylon  
  30  4:39  Nexus  
  24  5:09  Zealot  
  24  5:10  Zealot x3  
  32  5:31  Zealot  
  32  5:32  Zealot x2  
  38  5:42  Pylon  
  38  5:43  Photon Cannon  
  38  6:15  Zealot x4  
  44  6:21  Dark Shrine  
  32  6:45  Nexus  
  32  6:48  Pylon  
  32  7:06  Zealot x2  
  36  7:09  Sentry x2  
  40  7:43  Zealot  
  40  7:44  Zealot x2  
  44  7:46  Zealot  
  44  8:44  Dark Templar x4  
  52  8:58  Probe  
  52  9:00  Probe  
  54  9:09  Protoss Ground Weapons Level 1  
  54  9:10  Probe  
  54  9:12  Probe  
  56  9:22  Probe  
  57  9:25  Probe  
  50  9:34  Probe  
  50  9:35  Zealot  
  50  9:36  Zealot x3  
  50  9:37  Probe  
  60  9:44  Gateway  
  60  9:45  Gateway  
  60  9:46  Probe  
  60  9:47  Gateway  
  60  9:49  Probe, Gateway  
  62  9:57  Stalker  
  62  9:58  Assimilator  
  62  9:59  Stalker  
  66  10:03  Assimilator  
  66  10:13  Pylon  
  66  10:17  Pylon  
  66  10:23  Sentry  
  66  10:24  Sentry  
  70  10:38  Probe  
  71  10:44  Dark Templar x2  
  71  10:47  Dark Templar x2  
  79  10:50  Probe  
  79  10:53  Archon  
  79  10:54  Archon  
  80  11:12  Pylon  
  80  11:14  Pylon  
  80  11:16  Pylon  
  80  11:28  Pylon  
  80  11:31  Pylon  
  80  11:32  Dark Templar x3  
  86  11:33  Dark Templar x3  
  86  11:37  Archon  
  86  11:38  Archon x2  
  56  12:40  Zealot x3  
  56  12:41  Zealot  
  56  12:42  Dark Templar x4  
  36  13:08  Robotics Facility  
  36  13:20  Zealot x4  
  36  13:21  Zealot x2  
  36  13:22  Stalker  
  36  13:23  Stalker  
  31  13:57  Observer  
  31  13:58  Zealot x2  
  31  13:59  Zealot x3  
  31  14:02  Protoss Ground Armor Level 1  
  40  14:05  Probe  
  39  14:17  Probe (Chrono Boost)  
  39  14:23  Pylon  
  40  14:29  Probe (Chrono Boost)  
  41  14:31  Probe (Chrono Boost)  
  42  14:43  Probe (Chrono Boost)  
  43  14:50  Probe (Chrono Boost)  
  44  14:52  Dark Templar  
  44  14:53  Dark Templar x2  
  44  14:54  Dark Templar  
  44  14:56  Dark Templar  
  44  14:57  Probe, Dark Templar  
  57  15:02  Archon x2  
  57  15:03  Archon  
  57  15:15  Zealot  
  59  15:30  Zealot  
  59  15:31  Zealot x3  
  59  15:32  Zealot  
  59  15:33  Zealot  
  71  15:36  Dark Templar  
  73  15:56  Protoss Shields Level 1 (Chrono Boost)  
  73  16:06  Nexus  
  37  16:36  Dark Templar x3  
  37  16:37  Dark Templar x3  
  47  16:40  Zealot  
  35  17:10  Zealot  
  35  17:11  Zealot x3  
  35  17:12  Zealot x2  
  35  17:13  Zealot  
  47  18:00  Zealot x7  
  34  18:34  Zealot x3  
  34  18:35  Zealot x4  
  48  18:58  Zealot  
  48  18:59  Zealot x3  
  48  19:00  Zealot x3  
Show
View Real Time Build Order
Export as new Build Order

GKannEx Terran 

Build Orders:  

Get SALT Encoding   

  12  0:02  SCV  
  13  0:15  SCV  
  13  0:20  Supply Depot  
  14  0:29  SCV  
  15  0:40  Supply Depot  
  15  0:46  Barracks  
  15  0:52  SCV  
  16  0:59  Refinery  
  16  1:04  SCV  
  17  1:12  Refinery  
  17  1:16  SCV  
  18  1:29  SCV  
  19  1:35  Marine  
  19  1:38  Supply Depot  
  20  2:11  Orbital Command  
  20  2:24  Factory, Marine  
  21  2:41  SCV  
  22  2:53  SCV  
  23  2:59  Command Center  
  23  3:05  SCV  
  23  3:12  Factory Tech Lab  
  24  3:14  Supply Depot  
  24  3:18  Engineering Bay  
  23  3:30  Siege Tank  
  26  3:36  SCV  
  26  3:37  Supply Depot  
  27  3:48  SCV  
  28  3:52  Starport  
  28  3:54  Starport  
  28  4:00  SCV  
  29  4:11  Missile Turret x2  
  29  4:12  SCV  
  30  4:27  Orbital Command  
  30  4:28  SCV  
  31  4:34  Starport Tech Lab x2  
  31  4:41  SCV  
  31  4:42  Fusion Core  
  32  4:53  SCV  
  32  4:56  Siege Tank  
  36  5:05  SCV  
  37  5:28  Siege Tank  
  40  6:00  SCV x2  
  40  6:03  Refinery  
  42  6:04  Refinery  
  42  6:12  SCV x2  
  44  6:18  Weapon Refit  
  44  6:22  Battlecruiser  
  44  6:24  SCV x2  
  52  6:36  SCV  
  52  6:37  SCV  
  54  6:40  Missile Turret  
  54  6:41  Missile Turret  
  54  6:42  Missile Turret  
  54  6:45  Sensor Tower  
  54  6:48  SCV  
  54  6:49  SCV  
  54  6:52  Sensor Tower  
  56  6:57  Sensor Tower  
  56  7:00  SCV  
  56  7:01  SCV  
  58  7:08  Supply Depot  
  58  7:10  Supply Depot x3  
  58  7:11  Supply Depot  
  58  7:12  SCV  
  58  7:13  SCV  
  60  7:23  Battlecruiser  
  66  7:33  Supply Depot  
  66  8:07  Battlecruiser  
  72  8:28  Battlecruiser  
  78  9:13  Starport  
  78  9:14  Starport  
  78  9:16  Starport  
  78  9:20  Starport  
  78  9:35  Command Center  
  78  9:41  SCV  
  78  9:42  SCV  
  80  9:53  SCV  
  80  9:54  SCV  
  82  10:00  Starport Tech Lab  
  82  10:01  Starport Tech Lab x2  
  82  10:05  SCV  
  82  10:06  SCV  
  84  10:07  Starport Tech Lab  
  84  10:17  SCV  
  84  10:18  SCV  
  84  10:20  Battlecruiser x2  
  98  10:23  Battlecruiser  
  104  10:28  Refinery  
  104  10:30  SCV x2  
  104  10:31  Refinery  
  106  10:46  Supply Depot  
  106  10:48  Supply Depot  
  106  10:49  Supply Depot  
  106  10:50  Supply Depot  
  106  10:56  Orbital Command  
  106  11:11  Missile Turret, Supply Depot  
  106  11:12  Missile Turret x2  
  106  11:13  Missile Turret  
  106  11:14  Supply Depot  
  106  11:19  Sensor Tower  
  106  11:30  Battlecruiser x2  
  106  11:32  Battlecruiser  
  124  11:54  Missile Turret  
  124  11:55  Missile Turret  
  124  11:56  Missile Turret  
  124  11:57  Missile Turret  
  124  11:58  Missile Turret  
  124  11:59  Missile Turret x3  
  124  12:08  Armory  
  124  12:09  Armory  
  124  12:11  Armory  
  124  12:17  Missile Turret  
  124  12:18  Missile Turret x2  
  97  14:28  Battlecruiser x5, Barracks Reactor  
  97  14:29  Battlecruiser  
  133  14:33  Terran Vehicle And Ship Armor Level 1, Terran Vehicle Weapons Level 1, Terran Ship Weapons Level 1  
  133  14:51  Supply Depot  
  133  14:53  Supply Depot  
  133  14:55  Supply Depot  
  133  15:22  Sensor Tower  
  133  15:32  Battlecruiser x2  
  133  15:58  Battlecruiser x2  
  145  16:08  Raven  
  147  16:17  Barracks  
  147  16:19  Barracks  
  147  16:21  Barracks  
  147  16:23  Barracks  
  147  16:32  Barracks  
  147  16:45  Barracks  
  147  16:47  Barracks  
  93  17:35  Barracks Reactor x3  
  93  17:36  Barracks Reactor x2  
  93  17:41  Barracks Reactor x2  
  93  18:08  Marine x2  
  93  18:09  Command Center, Marine  
  96  18:25  Marine x2  
  96  18:26  Marine x5  
Show
View Real Time Build Order
Export as new Build Order

BioHazard Zerg 

Build Orders: Hatch First 

Get SALT Encoding   

  12  0:01  Drone  
  13  0:09  Drone  
  14  0:21  Drone, Extractor x2  
  12  0:22  Drone  
  12  0:28  Overlord  
  16  0:47  Drone x2  
  18  1:00  Hatchery, Drone  
  18  1:17  Spawning Pool  
  17  1:19  Drone  
  17  1:20  Drone  
  17  1:25  Extractor  
  18  1:28  Drone  
  18  1:31  Extractor  
  18  1:43  Evolution Chamber, Drone  
  18  1:49  Drone  
  19  2:02  Drone  
  20  2:09  Queen  
  20  2:12  Queen  
  24  2:17  Zergling x2  
  24  2:18  Zergling x2  
  26  2:31  Metabolic Boost  
  26  2:32  Zergling x4  
  26  2:34  Overlord  
  28  2:48  Zerg Melee Weapons Level 1  
  28  2:55  Zergling x8  
  28  2:56  Zergling x2  
  33  3:04  Zergling x2  
  34  3:09  Drone  
  35  3:16  Drone  
  35  3:18  Lair  
  36  3:24  Overlord  
  36  3:47  Spore Crawler, Drone x5  
  40  3:58  Overlord  
  40  4:02  Overlord  
  41  4:10  Drone x2  
  41  4:13  Zergling x2  
  41  4:14  Zergling x2  
  44  4:17  Zergling x2  
  44  4:19  Zergling x2  
  46  4:31  Spine Crawler  
  46  4:36  Spine Crawler  
  46  4:37  Zergling x4  
  46  4:38  Zergling x2  
  47  4:45  Zergling x6  
  50  5:01  Zergling x2  
  50  5:02  Zergling x10  
  54  5:23  Zergling x2  
  54  5:24  Zergling x10  
  56  5:38  Zergling x2  
  56  5:39  Zergling x2  
  58  5:44  Zerg Ground Armor Level 1  
  50  6:07  Zergling x10  
  37  6:52  Zergling x10  
  37  6:53  Zergling x4  
  42  7:01  Spine Crawler  
  42  7:03  Spine Crawler  
  42  7:04  Spine Crawler  
  42  7:06  Spine Crawler  
  42  7:07  Spine Crawler  
  37  7:09  Drone x2  
  37  7:10  Spine Crawler  
  38  7:17  Hatchery  
  37  7:25  Drone  
  37  7:26  Drone x3  
  41  7:36  Zergling x6  
  46  7:37  Zergling x4  
  46  7:42  Zergling x2  
  46  7:43  Zergling x2  
  48  7:58  Zergling x6  
  41  8:06  Queen  
  42  8:13  Zergling x4  
  43  8:21  Drone x4  
  43  8:22  Drone x3  
  43  8:48  Extractor  
  43  8:49  Extractor  
  41  8:58  Spore Crawler  
  41  8:59  Spore Crawler  
  39  9:14  Drone  
  39  9:15  Drone x12  
  52  9:49  Zergling x2  
  52  9:50  Zergling x18  
  52  9:52  Zerg Ground Armor Level 2  
  62  10:06  Infestation Pit  
  61  10:14  Spore Crawler x2  
  59  10:41  Evolution Chamber  
  58  10:49  Hatchery  
  57  10:59  Drone  
  57  11:00  Spore Crawler, Drone x8  
  57  11:01  Drone  
  57  11:03  Spore Crawler  
  65  11:05  Spore Crawler  
  65  11:07  Spore Crawler, Zerg Melee Weapons Level 2  
  65  11:10  Hive  
  63  11:36  Spore Crawler  
  63  11:39  Spore Crawler, Zergling x6  
  66  11:40  Zergling x2  
  66  11:44  Overlord  
  66  11:45  Overlord x8  
  65  12:06  Drone x9  
  65  12:07  Baneling Nest  
  72  12:48  Zergling x6  
  72  12:49  Zergling x32  
  74  13:21  Zergling x8  
  74  13:22  Zergling x10  
  83  13:27  Hatchery  
  74  14:01  Drone x9  
  83  14:24  Spore Crawler  
  83  14:26  Zerg Melee Weapons Level 3  
  83  14:27  Zerg Ground Armor Level 3  
  83  14:29  Spore Crawler  
  83  14:31  Spore Crawler  
  80  14:32  Centrifical Hooks  
  80  14:35  Ultralisk Cavern  
  70  14:53  Adrenal Glands  
  70  14:54  Zergling x2  
  70  14:55  Zergling x28  
  85  15:01  Drone  
  85  15:02  Drone x3  
  85  15:03  Extractor  
  85  15:04  Extractor  
  87  15:21  Queen  
  88  15:45  Zergling x2  
  88  15:46  Zergling x32  
  69  16:40  Baneling x11  
  69  16:41  Baneling x29  
  48  17:02  Zergling x2  
  48  17:03  Zergling x16  
  56  17:29  Zergling x4  
  62  17:30  Zergling x8  
  62  18:03  Zergling x2  
  62  18:04  Zergling x18  
  68  18:33  Zergling x2  
  60  18:34  Zergling x26  
  71  19:04  Zergling x18  
  80  19:18  Zergling x2  
  80  19:19  Zergling x16  
Show
View Real Time Build Order
Export as new Build Order

Navi Zerg - Winner!

Build Orders: Pool First, Lurkers 

Get SALT Encoding   

  12  0:16  Overlord  
  12  0:20  Drone x2  
  14  0:34  Drone  
  15  0:47  Drone  
  16  0:51  Spawning Pool  
  16  0:52  Drone  
  16  0:57  Extractor  
  16  1:00  Drone  
  16  1:10  Drone  
  17  1:25  Drone  
  18  1:39  Hatchery  
  17  1:47  Drone  
  17  1:48  Drone  
  19  1:59  Metabolic Boost  
  19  2:06  Drone  
  20  2:25  Roach Warren  
  20  2:26  Drone  
  20  2:34  Zergling x4  
  22  2:38  Overlord  
  22  2:51  Queen  
  24  2:52  Queen  
  24  2:54  Overlord  
  24  2:55  Extractor  
  25  3:04  Zergling x4  
  27  3:12  Drone x2  
  31  3:20  Roach  
  31  3:24  Roach x2  
  35  3:32  Lair  
  37  3:34  Roach  
  37  3:41  Roach  
  39  3:44  Zergling x2  
  40  3:54  Overlord  
  40  3:57  Roach x2  
  44  4:10  Overlord  
  44  4:11  Overlord  
  44  4:31  Glial Reconstitution  
  44  4:41  Evolution Chamber  
  40  5:27  Roach x5  
  40  5:28  Roach x7  
  48  5:38  Evolution Chamber, Drone x2  
  49  5:44  Extractor  
  49  5:49  Drone x3  
  51  5:52  Extractor  
  50  6:03  Roach x2  
  50  6:04  Roach x2  
  50  6:54  Roach x6  
  56  6:58  Zerg Missile Weapons Level 1  
  62  7:08  Zerg Ground Armor Level 1  
  62  7:21  Roach  
  62  7:22  Roach x2  
  68  7:42  Overlord x3  
  38  8:10  Roach x4  
  38  8:11  Roach x5  
  44  8:22  Hydralisk Den  
  44  8:25  Drone  
  44  8:48  Drone x6  
  48  8:49  Drone  
  51  8:59  Drone  
  51  9:01  Overseer  
  52  9:14  Zerg Missile Weapons Level 2  
  52  9:20  Zerg Ground Armor Level 2  
  50  9:32  Queen  
  50  9:33  Overseer  
  52  9:42  Muscular Augments  
  52  9:57  Drone x5  
  57  10:02  Hydralisk  
  59  10:17  Overlord  
  59  10:18  Overlord  
  59  10:23  Hydralisk x2  
  63  10:29  Lurker Den  
  63  10:35  Drone x2  
  63  10:36  Drone x2  
  66  10:55  Extractor  
  66  10:56  Hatchery  
  64  10:58  Extractor  
  63  11:13  Infestation Pit, Hydralisk x3  
  68  11:29  Queen  
  70  11:42  Hydralisk x3  
  76  11:59  Lurker x6  
  82  12:05  Queen  
  84  12:14  Drone x6  
  84  12:15  Drone  
  89  12:50  Hydralisk x4  
  89  12:51  Hydralisk x2  
  56  13:59  Drone x3  
  56  14:00  Drone  
  56  14:01  Drone x5  
  56  14:02  Hydralisk x6  
  65  14:03  Hydralisk x3  
  78  14:27  Hatchery  
  77  14:33  Hive  
  71  14:56  Hydralisk x3  
  71  14:57  Hydralisk x3  
  71  14:59  Overlord  
  83  15:00  Overlord x2  
  83  15:01  Overseer x2  
  83  15:22  Extractor  
  83  15:23  Drone x3  
  83  15:25  Drone  
  83  15:26  Drone x3  
  89  15:48  Queen  
  91  15:51  Hydralisk  
  91  15:52  Hydralisk x7  
  103  16:33  Hydralisk x5  
  103  16:37  Overlord  
  103  16:38  Overlord x4  
  103  16:39  Overlord  
  71  17:12  Zerg Missile Weapons Level 3  
  71  17:13  Zerg Ground Armor Level 3  
  61  17:34  Hydralisk  
  61  17:35  Hydralisk x8  
  71  17:56  Drone  
  71  17:57  Drone  
  73  18:02  Hatchery  
  72  18:11  Hatchery  
  71  18:25  Hydralisk x5  
  71  18:26  Hydralisk x4  
  89  18:45  Hydralisk x3  
  89  18:46  Hydralisk x2  
  85  19:21  Hydralisk x5  
  85  19:22  Hydralisk x7  
Show
View Real Time Build Order
Export as new Build Order

CaptTroy Protoss - Winner!

Build Orders:  

Get SALT Encoding   

  12  0:01  Probe  
  13  0:13  Probe (Chrono Boost)  
  14  0:25  Probe (Chrono Boost)  
  15  0:36  Pylon  
  15  0:48  Assimilator  
  15  0:52  Assimilator  
  15  0:54  Probe (Chrono Boost)  
  16  0:59  Gateway  
  16  1:06  Probe (Chrono Boost)  
  18  1:14  Probe (Chrono Boost)  
  18  1:18  Pylon  
  18  1:20  Probe  
  19  1:35  Probe  
  20  1:47  Probe  
  21  2:00  Gateway  
  21  2:05  Cybernetics Core  
  21  2:16  Gateway  
  21  2:30  Probe  
  21  2:36  Pylon  
  22  2:49  Stalker x2  
  26  2:53  Warp Gate (Chrono Boost)  
  26  2:57  Forge  
  26  3:03  Stalker  
  28  3:19  Stalker x2  
  32  3:32  Protoss Ground Weapons Level 1 (Chrono Boost), Photon Cannon  
  32  3:38  Stalker  
  34  4:14  Nexus  
  34  4:27  Pylon  
  34  4:32  Pylon  
  24  5:33  Protoss Shields Level 1 (Chrono Boost)  
  22  5:37  Zealot  
  22  5:38  Zealot x2  
  22  5:41  Probe x2  
  30  5:49  Photon Cannon x2  
  30  5:53  Probe x2  
  30  5:55  Pylon  
  32  6:04  Gateway  
  32  6:05  Probe  
  32  6:08  Gateway  
  33  6:16  Zealot x3  
  39  6:57  Stalker x3  
  45  7:12  Pylon  
  45  7:17  Protoss Ground Armor Level 1  
  45  7:20  Assimilator  
  45  7:21  Probe x2  
  47  7:24  Assimilator  
  47  7:26  Stalker  
  47  7:27  Stalker  
  47  7:29  Stalker  
  53  7:33  Probe x2  
  55  7:45  Probe x2  
  45  8:24  Zealot  
  45  8:25  Zealot x4  
  51  8:27  Probe x2  
  51  8:39  Probe x2  
  53  8:47  Forge  
  53  8:49  Twilight Council  
  53  8:51  Probe x2  
  53  8:54  Robotics Facility  
  55  8:59  Robotics Facility  
  55  9:02  Pylon  
  55  9:03  Probe x2  
  57  9:10  Pylon  
  57  9:15  Probe x2  
  57  9:16  Pylon  
  59  9:19  Photon Cannon  
  59  9:48  Photon Cannon  
  59  9:50  Photon Cannon  
  59  9:56  Observer x2  
  59  9:59  Stalker x2  
  65  10:00  Stalker x3  
  65  10:05  Photon Cannon  
  71  10:18  Protoss Shields Level 2 (Chrono Boost)  
  71  10:19  Protoss Ground Weapons Level 2 (Chrono Boost)  
  71  10:29  Pylon  
  71  10:33  Observer x2  
  73  10:37  Stalker x3  
  73  10:38  Stalker x2  
  83  10:54  Immortal  
  83  10:55  Immortal  
  91  11:07  Photon Cannon  
  91  11:14  Pylon  
  91  11:28  Charge (Chrono Boost)  
  91  11:34  Immortal  
  95  12:35  Immortal x2  
  91  12:37  Stalker x3  
  91  12:38  Stalker x2  
  75  13:12  Stalker x3  
  79  13:13  Stalker x2  
  77  13:24  Nexus  
  77  13:27  Pylon  
  77  13:31  Pylon  
  77  13:47  Immortal x2  
  85  13:50  Stalker x5  
  95  14:01  Photon Cannon  
  95  14:05  Photon Cannon  
  95  14:16  Blink  
  95  14:29  Protoss Shields Level 3 (Chrono Boost)  
  95  14:39  Sentry  
  95  14:40  Sentry x4  
  105  14:57  Immortal  
  109  15:12  Assimilator  
  109  15:16  Assimilator  
  109  15:22  Sentry x4  
  109  15:23  Sentry  
  119  15:30  Immortal  
  119  15:35  Protoss Ground Weapons Level 3 (Chrono Boost)  
  122  15:52  Observer  
  123  15:57  Stalker x4  
  123  15:58  Stalker  
  132  16:10  Immortal  
  130  16:39  Immortal  
  134  16:42  Stalker x4  
  134  16:43  Stalker  
  144  16:49  Immortal  
  108  17:27  Stalker x5  
  116  18:12  Stalker x4  
  112  18:13  Stalker  
  92  19:07  Zealot x3  
  92  19:08  Zealot x2  
  102  19:50  Stalker x5  
Show
View Real Time Build Order
Export as new Build Order

Markac Terran - Winner!

Build Orders: MMM Bio 

Get SALT Encoding   

  12  0:01  SCV  
  13  0:13  SCV  
  14  0:25  Supply Depot, SCV  
  15  0:31  Refinery  
  15  0:46  SCV  
  15  0:48  Barracks  
  16  0:58  SCV  
  17  1:10  SCV  
  18  1:22  SCV  
  19  1:28  Command Center  
  19  1:35  SCV  
  19  1:36  Marine  
  21  1:42  Supply Depot  
  20  2:01  Marine  
  21  2:19  Marine  
  22  2:29  Supply Depot  
  22  2:36  Orbital Command  
  22  2:49  Refinery  
  22  2:51  Refinery  
  22  3:03  SCV  
  22  3:05  Orbital Command  
  23  3:11  Barracks  
  23  3:20  SCV  
  23  3:25  Marine  
  25  3:33  SCV, Factory  
  26  3:44  Barracks Reactor  
  26  3:47  Barracks  
  26  3:54  Orbital Command, SCV  
  27  4:01  Barracks Tech Lab  
  27  4:14  Command Center  
  27  4:15  SCV  
  28  4:19  SCV  
  31  4:29  Starport  
  31  4:30  Widow Mine  
  31  4:34  SCV x2  
  33  4:39  Marine  
  33  4:40  Marine  
  33  4:44  Barracks Tech Lab  
  35  4:46  SCV  
  35  4:47  Marine  
  35  4:49  Stimpack  
  37  4:54  SCV  
  38  5:03  Marine x2  
  38  5:04  Marine  
  38  5:05  Combat Shields  
  41  5:07  Viking  
  41  5:13  SCV x2  
  45  5:15  Marauder  
  45  5:20  Factory Tech Lab  
  47  5:21  Marine  
  47  5:24  Marine x2  
  50  5:32  SCV  
  50  5:33  Refinery, SCV  
  52  5:36  Marine  
  52  5:39  Marine  
  54  5:45  Medivac, SCV  
  54  5:46  SCV x2  
  59  5:52  Refinery  
  32  6:15  Marine x4  
  34  6:23  Concussive Shells  
  27  6:32  Marine  
  27  6:33  Marine x3  
  27  6:37  Orbital Command  
  31  6:45  SCV  
  31  6:50  Marine  
  31  6:51  Marine x3  
  35  6:55  SCV  
  35  6:57  SCV  
  37  7:03  SCV  
  38  7:08  Marine x2  
  38  7:10  SCV x2  
  42  7:18  Refinery  
  42  7:21  SCV  
  42  7:22  SCV, Marine x2  
  45  7:27  Medivac  
  48  7:34  Marine  
  48  7:35  Marine  
  50  7:38  SCV  
  50  7:39  SCV x2  
  53  7:54  Engineering Bay  
  53  7:55  Supply Depot  
  53  7:57  Engineering Bay  
  53  8:01  Starport Reactor  
  53  8:15  Supply Depot  
  53  8:16  Marine x3  
  53  8:17  SCV x3, Marine  
  60  8:24  Refinery  
  60  8:26  Terran Infantry Armor Level 1, Terran Infantry Weapons Level 1  
  60  8:29  SCV  
  61  8:36  Marine  
  61  8:37  SCV x2  
  65  8:41  SCV  
  65  8:42  Medivac x2  
  69  8:51  Supply Depot  
  69  9:04  Supply Depot  
  69  9:11  Orbital Command  
  69  9:12  Marine x2  
  69  9:13  SCV x2, Siege Tank  
  76  9:18  Armory  
  76  9:25  Supply Depot, SCV  
  76  9:26  SCV  
  78  9:34  Marine x2  
  78  9:35  Marauder  
  78  9:37  SCV  
  78  9:38  SCV  
  84  9:43  Supply Depot  
  84  9:46  Medivac, SCV  
  84  9:49  SCV  
  84  9:50  SCV  
  89  9:57  Missile Turret  
  89  9:58  SCV  
  90  10:01  SCV  
  91  10:07  Missile Turret  
  91  10:09  Supply Depot  
  91  10:14  Liberator  
  91  10:15  SCV x3  
  91  10:16  Marine x2  
  91  10:17  Marauder x2  
  100  10:23  Missile Turret  
  100  10:24  Barracks  
  100  10:31  Medivac  
  100  10:32  Supply Depot  
  100  10:33  Supply Depot  
  105  10:38  Siege Tank  
  105  10:39  Barracks  
  105  10:41  Marine  
  109  10:44  Liberator  
  109  10:46  Terran Infantry Weapons Level 2  
  109  10:47  Terran Infantry Armor Level 2  
  109  10:55  Supply Depot  
  109  11:03  Refinery, SCV x3  
  115  11:06  Supply Depot  
  115  11:07  Supply Depot  
  115  11:14  Medivac  
  115  11:17  Barracks Reactor  
  117  11:25  Marine x2  
  117  11:26  Marauder x2  
  117  11:27  Barracks Tech Lab  
  117  11:30  Barracks Reactor  
  123  11:38  Siege Tank  
  123  11:39  Liberator x2  
  126  11:43  Marine x2  
  128  11:47  Marauder x2  
  128  11:52  Supply Depot  
  128  11:54  Supply Depot  
  132  11:55  Supply Depot  
  132  11:58  Marine x2  
  132  12:01  Marine x2  
  142  12:10  Siege Tank  
  128  12:35  Marine x5  
  128  12:36  Marine x3  
  85  12:53  Marine x6  
  85  13:00  Orbital Command  
  85  13:02  Marine x2  
  81  13:10  Supply Depot  
  81  13:11  Marine x6  
  81  13:12  Supply Depot  
  79  13:16  Supply Depot  
  76  13:20  Marine x2  
  76  13:21  SCV  
  79  13:28  Marine x2  
  79  13:29  Marine x4  
  85  13:39  Supply Depot  
  85  13:40  Supply Depot  
  83  14:14  Medivac x2  
  83  14:16  SCV x3  
  90  14:26  Supply Depot x2  
  90  14:28  Supply Depot, SCV x2  
  92  14:34  Terran Infantry Weapons Level 3  
  92  14:38  Terran Infantry Armor Level 3  
  92  14:42  Marine x2  
  92  14:43  Marine  
  95  14:50  Medivac x2  
  99  15:07  Marine x6  
  99  15:08  Marauder  
  99  15:09  Marauder  
  109  15:15  Siege Tank  
  112  15:25  Marine x6  
  118  15:30  Marauder x2  
  118  15:31  Refinery  
  122  15:35  Refinery  
  99  15:42  Marine  
  70  15:56  Marine x3  
  70  15:57  Marine x4  
  65  16:00  Marine  
  70  16:14  Marine x4  
  70  16:15  Marine x3  
  70  16:18  Marine  
  64  16:25  SCV  
  64  16:26  SCV x2  
  64  16:32  Marine x5  
  69  16:33  Marine x2  
  69  16:36  Marine  
  69  16:37  SCV  
  75  16:45  Medivac  
  77  16:50  Marine x7  
  77  16:54  Marine  
  85  17:07  Marine  
  85  17:08  Marine x6  
  87  17:11  Marine  
  75  17:25  Marine x2  
  75  17:26  Viking, Marine x5  
  75  17:27  Viking  
  75  17:29  Marine  
  87  17:30  SCV x2  
  89  17:43  Marine x3  
  92  17:49  SCV x3  
  95  17:52  Marine  
  95  17:53  Marine x3  
  95  17:56  Viking x2  
  103  18:05  Marine x2  
  103  18:06  Marine x2  
  103  18:10  Marine x2  
  103  18:11  Marine x2  
  111  18:23  Marine x2  
  111  18:26  Viking x2  
  91  18:53  Marine x5  
  91  18:54  Marine x3  
  90  18:56  Viking x2  
  78  19:09  SCV x2  
  75  19:11  Marine  
Tags
 
Add a new tag
Caveats
  • Supply blocks, unpowered buildings, or Contaminate may cause inaccurate times.
  • Supply counts are checked every 10 seconds.